[Event "China Championship-A Women 2024"]
[Site "Xinhua Jiangsu"]
[Date "2024.05.10"]
[Round "5.1"]
[White "Song, Yuxin"]
[Black "Li, Xueyi"]
[Result "1/2-1/2"]
[ECO "B10"]
[WhiteElo "2381"]
[BlackElo "2212"]
[Annotator "TA"]
[PlyCount "97"]
[EventDate "2024.05.06"]
[EventType "tourn"]
[EventCountry "CHN"]
[SourceTitle "playchess.com"]
[Source "ChessBase"]
[SourceQuality "1"]
[TimeControl "40/5400+30:1800+30"]

1. e4 c6 2. c4 d5 3. exd5 cxd5 4. cxd5 Nf6 5. Bb5+ Nbd7 6. Nc3 a6 7. Be2 g6 {[%emt 0:02:51][%mdl 1024] Black has compensation.} 8. Qb3 Bg7 9. d4 O-O 10. Bf3 Qb6 {[%emt 0:08:32] Wards off a4} 11. Nge2 Qxb3 12. axb3 Nb6 13. h3 Rd8 14. Ra5 Bf5 15. Bf4 Ne8 {[%emt 0:03:20] Against Bc7} 16. Kd2 {[%emt 0:06:24] Repels Bc2} Nd6 17. Rha1 Rac8 18. Rc5 Bd7 19. g4 Be8 20. Rc1 Nd7 21. Rxc8 Rxc8 22. Ne4 Rxc1 23. Nxd6 (23. Nxc1 Nxe4+ 24. Bxe4 Bxd4 $11) 23... exd6 24. Kxc1 Bf8 25. Ng3 {[%emt 0:02:14] White is more active.} Nb6 26. Ne4 (26. Kd2 $16) 26... Nxd5 $14 27. Bxd6 f5 (27... Bc6 $14) 28. gxf5 $16 gxf5 {[%emt 0:00:21] [#]} 29. Ng3 Bxd6 30. Bxd5+ {[%emt 0:00:08][%mdl 4096] Endgame. KBB-KBN} Kf8 31. Nxf5 Bf4+ 32. Ne3 b5 33. Kd2 a5 34. Kd3 Bd7 35. Bg2 Bd6 36. Ke4 Bb4 37. Kd3 Bd6 $1 38. Be4 h5 39. Bf5 Be8 40. Ke4 Bb4 41. f4 Bd2 42. d5 Ke7 {[%emt 0:01:05] [#]} 43. Be6 $1 Bc1 44. Nd1 (44. Nf5+ $16 Kd8 45. Nd4 Bxb2 46. f5) 44... h4 $1 $11 {[%emt 0:07:00] The position is equal.} 45. f5 {[%emt 0:03:00] Ke5 is the strong threat.} Bh5 $1 46. Nc3 Be8 47. Nd1 {[%emt 0:17:41] And now Ke5 would win.} (47. Ke5 Bxb2 48. f6+ Kf8) 47... Bh5 $1 48. Nc3 Be8 49. Nd1 {[%emt 0:00:20] White really could win this.   Weighted Error Value: White=0.14 (very precise) /Black=0.08 (flawless) .  Mistake:       	White=2     	Black=1      Inaccurate:     	---       	Black=1      OK:         	White=21    	Black=19     Best:        	---       	Black=1      Strong:       	White=1     	Black=4} (49. Ke5 Bxb2 50. f6+ Kf8) 1/2-1/2

[Event "China Championship-A Women 2024"]
[Site "Xinhua Jiangsu"]
[Date "2024.05.10"]
[Round "5.2"]
[White "Zhou, Yafei"]
[Black "Wang, Qinxuanyi"]
[Result "1/2-1/2"]
[ECO "D12"]
[WhiteElo "1835"]
[BlackElo "2049"]
[Annotator "NA RC"]
[PlyCount "80"]
[EventDate "2024.05.06"]
[EventType "tourn"]
[EventCountry "CHN"]
[SourceTitle "playchess.com"]
[Source "ChessBase"]
[SourceQuality "1"]
[TimeControl "40/5400+30:1800+30"]

1. d4 d5 2. c4 c6 3. Nf3 Nf6 4. e3 Bf5 5. b3 e6 6. Nbd2 Nbd7 7. Bb2 Be7 8. Be2 O-O 9. O-O h6 10. Ne5 Nxe5 11. dxe5 Nd7 12. f4 a5 13. Nf3 Bc5 14. Nd4 Bh7 15. Rc1 Qe7 16. Bd3 Bxd3 17. Qxd3 a4 18. cxd5 cxd5 19. Qb5 $11 axb3 20. axb3 Ra2 21. Bc3 Nb8 22. Ra1 Rxa1 23. Rxa1 Rc8 24. g3 Na6 25. Ra2 Bxd4 26. Bxd4 Qc7 27. Kg2 g6 28. Re2 Qe7 29. Bb2 Rc6 30. Qa5 Qc5 31. Qa4 Kh7 32. Ba3 Qb6 33. Bd6 Nc7 34. Bxc7 Qxc7 35. Qa8 Kg7 36. Ra2 Rc2+ 37. Kf3 Rc3 38. Qe8 d4 39. Kg4 h5+ 40. Kh3 Qc6 1/2-1/2

[Event "China Championship-A Women 2024"]
[Site "Xinhua Jiangsu"]
[Date "2024.05.10"]
[Round "5.3"]
[White "Xiao, Yiyi"]
[Black "Yan, Tianqi"]
[Result "0-1"]
[ECO "C02"]
[WhiteElo "2349"]
[BlackElo "2276"]
[Annotator "TA"]
[PlyCount "78"]
[EventDate "2024.05.06"]
[EventType "tourn"]
[EventCountry "CHN"]
[SourceTitle "playchess.com"]
[Source "ChessBase"]
[SourceQuality "1"]
[TimeControl "40/5400+30:1800+30"]

1. e4 e6 2. d4 d5 3. e5 c5 4. c3 Nc6 5. Nf3 Bd7 6. Be2 Nge7 7. h4 cxd4 8. cxd4 Qb6 {[%emt 0:02:04] White should prevent ...Nf5.} 9. Na3 Rc8 {[%emt 0:27:24] The position is equal.} 10. Nc2 Nb4 11. Nxb4 Qxb4+ 12. Bd2 Qb6 13. a4 Nc6 {[%emt 0:12:34] Dodges b4} 14. a5 Qd8 15. h5 h6 16. Rh3 Bb4 17. Rg3 Bxa5 18. Rxg7 Qb6 19. Kf1 Qxb2 20. Be3 (20. Bxa5 Nxa5 21. Rb1 (21. Rxa5 $2 Rc1 $19) 21... Qc2 $17) 20... Bb6 21. Rb1 Qa3 22. Rg3 Ne7 {[%emt 0:03:36] White must now prevent ...Nf5.} 23. Bd3 Ba4 24. Qe2 Rc3 25. Ne1 Rb3 {[%emt 0:02:20] aiming for ...Rxb1.} (25... Nc6 $5) 26. Bc1 $1 Qb4 27. Ra1 {[%emt 0:01:18] [#]} (27. Rxb3 Qxb3 28. Bc2 Qb5 $17) (27. Bd2 $1 $11 Qa3 28. Rxb3 Qxb3 29. Rf3) 27... Bd7 $2 (27... Qxd4 28. Nc2 Qc5 (28... Qh4 $2 29. Rh3 $18) 29. Be3 $16 (29. Rxa4 $2 Rb1 $19)) (27... Bxd4 28. Rg4 (28. Nc2 Qc5 $17) 28... Nc6 (28... Bxa1 $2 29. Rxb4 Rxb4 30. Ba3 $18) 29. Be3 $14 (29. Nc2 Qc5 $17)) (27... Nf5 $1 $19 28. Rh3 (28. Bxf5 $2 Rxg3 29. Bd3 Rxd3 $19) 28... Bb5 (28... Bxd4 29. Bd2 $14) (28... Nxd4 29. Qg4 $17) (28... Qxd4 29. Ra2 $17)) 28. Nc2 $11 Qc3 29. Ba6 Qxg3 30. fxg3 bxa6 31. Qf2 {[%emt 0:01:40] White is weak on the light squares} (31. Kg1 $15) 31... Nf5 {[%emt 0:01:06] ...Rg8 is the strong threat.} 32. g4 (32. Rxa6 $2 Bb5+ (32... Rxg3 33. Bf4 $11) (32... Nxg3+ 33. Kg1 $11) 33. Kg1 Bxa6 $19) 32... Ng3+ 33. Kg1 Rc3 (33... Ne4 $17 34. Qe1 Rc3) 34. Qf6 {[%emt 0:01:43] [#]} (34. Rxa6 $11 {remains equal.} Ne4 35. Qe2) 34... Rg8 {[%emt 0:00:20] Chess con chili. Active counter play!} ({Black should try} 34... Rh7 $1 $17 35. Qf2 Bb5) 35. Rb1 $2 Ne4 $19 (35... Rxc2 36. Ba3 (36. Bxh6 $2 {too greedy.} Ne4 $19) 36... Nf5 (36... Bxd4+ $2 {is the wrong capture.} 37. Kh2 $18) 37. gxf5 $19) 36. Qxh6 {[%emt 0:00:08][%cal Ob1b6] Rxb6! would now be deadly.} Rxc2 37. Ba3 Bxd4+ 38. Kh2 Bxe5+ 39. Kh3 Nf2+ {[%emt 0:00:10] Weighted Error Value: White=0.81/Black=0.23 (precise) .  Loses game:     	White=2     	---        Missed win:     	---       	Black=1      Mistake:       	White=2     	Black=2      Inaccurate:     	White=3     	Black=2      OK:         	White=9     	Black=16     Best:        	White=3     	Black=3      Strong:       	White=1     	---} 0-1

[Event "China Championship-A Women 2024"]
[Site "Xinhua Jiangsu"]
[Date "2024.05.10"]
[Round "5.4"]
[White "Chen, Yining"]
[Black "Ni, Shiqun"]
[Result "0-1"]
[ECO "A65"]
[WhiteElo "2338"]
[BlackElo "2324"]
[Annotator "TA"]
[PlyCount "72"]
[EventDate "2024.05.06"]
[EventType "tourn"]
[EventCountry "CHN"]
[SourceTitle "playchess.com"]
[Source "ChessBase"]
[SourceQuality "1"]
[TimeControl "40/5400+30:1800+30"]

1. d4 Nf6 2. c4 g6 3. Nc3 Bg7 4. e4 d6 5. f3 O-O 6. Be3 c5 7. Nge2 Nc6 8. d5 Ne5 9. Ng3 e6 10. Be2 exd5 11. cxd5 b5 12. Nxb5 Rb8 $1 {[%emt 0:00:12][%cal Ob8b5] Strongly threatening ...Rxb5!} 13. Qd2 (13. Nxa7 $2 Qa5+ (13... Rxb2 14. O-O $11) 14. b4 Qxa7 $19) 13... h5 {[%emt 0:00:09][%cal Bh7h5,Bh5h4,Bh4h3][%mdl 32] Dodges h3. And now ...h4 would win. White is slightly better.} 14. O-O ({But not} 14. Nxa7 h4 15. Nxc8 Qxc8 $17) 14... h4 15. Nh1 h3 16. g3 Nxf3+ $1 17. Bxf3 (17. Rxf3 $11 Nxe4 18. Qc2) 17... Rxb5 $15 18. Nf2 {[%emt 0:00:41] Inhibits Ng4.} Nd7 19. Rab1 Ne5 20. Be2 Rb4 21. Qc2 a5 {[%emt 0:22:30] Black is more active.} 22. a3 Rb8 23. Nd3 (23. Bd2 $15) 23... Ng4 $17 24. Bxg4 Bxg4 25. b4 (25. Nf2 $17 Bd7 26. b3) 25... cxb4 $19 26. axb4 Qe7 ({Black should try} 26... Rc8 $19 27. Qa2 Rc3) 27. Nf2 $17 Rfc8 28. Qd3 (28. Qd2 $17 Rxb4 (28... Bc3 29. Qd3 $11) 29. Rxb4 axb4 30. Qxb4 (30. Nxg4 $2 {too greedy.} Qxe4 31. Nh6+ Bxh6 $19)) 28... Rc3 $19 29. Qd2 axb4 {[%emt 0:10:07] White must now prevent ...Bf3.} 30. Bd4 $2 (30. Nxg4 Qxe4 31. Nh6+ Kh7 32. Nxf7 Qxe3+ 33. Qxe3 Rxe3 34. Rf4) 30... Bxd4 (30... Rc2 $142 31. Qxc2 Bxd4) 31. Qxd4 Qg5 ({Black should play} 31... Be2 $19 32. Rfe1 Rc2 33. Nxh3 b3) 32. Rxb4 $15 Rbc8 33. Nxg4 (33. Rb8 $1 $15) 33... Qxg4 $40 {[%emt 0:00:01][%mdl 128] Black is out for blood.} 34. Qf6 $2 {[%emt 0:02:36][%mdl 8192] [#]} (34. Rb2 $17) 34... Rxg3+ $1 {[%emt 0:01:26][%mdl 512] Black mates.} 35. Kh1 {[%emt 0:00:49] [#]} Rf3 $3 36. Qxf3 (36. Rb2 Rxf6) 36... Qxf3+ {[%emt 0:00:09] Weighted Error Value: White=0.50/Black=0.24 (precise) .  Loses game:     	White=2     	---        Mistake:       	White=5     	Black=3      Inaccurate:     	White=2     	Black=1      OK:         	White=9     	Black=6      Best:        	White=2     	Black=6      Strong:       	---       	Black=2      Brilliant:      	---       	Black=1} 0-1

[Event "China Championship-A Women 2024"]
[Site "Xinhua Jiangsu"]
[Date "2024.05.10"]
[Round "5.5"]
[White "Lu, Miaoyi"]
[Black "Zhang, Xiao"]
[Result "1-0"]
[ECO "A22"]
[WhiteElo "2439"]
[BlackElo "2261"]
[Annotator "RC"]
[PlyCount "114"]
[EventDate "2024.05.06"]
[EventType "tourn"]
[EventCountry "CHN"]
[SourceTitle "playchess.com"]
[Source "ChessBase"]
[SourceQuality "1"]
[TimeControl "40/5400+30:1800+30"]

1. c4 e5 2. Nc3 Nf6 3. Nf3 e4 4. Ng5 c6 5. Qa4 Qe7 6. Qc2 d5 7. cxd5 Bf5 8. d6 Qxd6 9. f3 Na6 10. fxe4 Bg6 11. d3 Qc5 12. Nf3 O-O-O 13. Bf4 Nb4 14. Qc1 Be7 15. a3 Na6 16. b4 Qb6 17. Ne5 c5 18. b5 Nb8 19. g3 Qe6 20. h4 Bh5 21. Bh3 Ng4 22. Nd5 Rxd5 23. exd5 Qxd5 24. e4 Qe6 25. Qc4 Qxc4 26. Nxc4 f5 27. exf5 Bf6 28. Rc1 b6 29. Bg2 Nd7 30. Bf3 Rf8 31. Kd2 Bd4 32. Rhe1 Ngf6 33. Bg2 Bg4 34. Re7 Kd8 35. Rce1 Bf2 36. Rf1 Kxe7 37. Bd6+ Kf7 38. Rxf2 Re8 39. Ne3 h5 40. Bc6 Rd8 41. Nc4 Nb8 42. Bc7 Rf8 43. Ne5+ Kg8 44. Ng6 Nxc6 45. Nxf8 Nd4 46. Ne6 Nxb5 47. a4 Nxc7 48. Nxc7 Kf7 49. Nb5 Ne8 50. Nxa7 Nd6 51. Nb5 Nxb5 52. axb5 Kf6 53. Ke3 Bxf5 54. Ra2 Ke5 55. Ra6 Kd5 56. Rxb6 c4 57. dxc4+ Kxc4 1-0

[Event "China Championship-A Women 2024"]
[Site "Xinhua Jiangsu"]
[Date "2024.05.10"]
[Round "5.6"]
[White "Zhai, Mo"]
[Black "Guo, Qi"]
[Result "1/2-1/2"]
[ECO "D35"]
[WhiteElo "2349"]
[BlackElo "2371"]
[Annotator "TA"]
[PlyCount "57"]
[EventDate "2024.05.06"]
[EventType "tourn"]
[EventCountry "CHN"]
[SourceTitle "playchess.com"]
[Source "ChessBase"]
[SourceQuality "1"]
[TimeControl "40/5400+30:1800+30"]

1. d4 d5 2. c4 e6 3. Nc3 Bb4 4. cxd5 exd5 5. Bf4 c5 6. dxc5 Nf6 7. e3 O-O 8. Bd3 Bxc5 9. Nf3 Nc6 10. O-O d4 11. exd4 Nxd4 12. h3 {[%emt 0:01:18] Repels Bg4. The position is equal.} Bf5 13. Bxf5 Nxf5 14. Bg5 Be7 15. Qa4 Nd5 {[%emt 0:07:17] Against Qf4} 16. Nxd5 Qxd5 17. Rfd1 Qc5 18. Rac1 Qb6 19. Qf4 {[%emt 0:02:05] Black is weak on the light squares} h6 20. Qxf5 Bxg5 (20... hxg5 $14 21. Rd7 (21. Nxg5 g6 $11) 21... Qxb2) 21. Nxg5 $16 g6 {[%emt 0:10:42] [#]} 22. Qg4 (22. Qc5 $1 $16 Qxc5 23. Rxc5) 22... hxg5 $11 23. Qxg5 Qxb2 24. Rd6 {[%emt 0:03:49] Black must now prevent Rc7.} Rae8 (24... Qxa2 $11 25. Rc7 Qa1+ 26. Kh2 Qg7) 25. h4 (25. Rc7 $16 {[%cal Od6g6] Rxg6+! would kill now.} Qb1+ (25... Re1+ 26. Kh2 $14) 26. Kh2) 25... Qe5 ({Better is} 25... Re5 $11 26. Rxg6+ fxg6 27. Qxg6+ Kh8 28. Qh6+ Kg8 29. Qg6+ Kh8 30. Qh6+ Kg8 31. Qg6+) 26. Qd2 {[%emt 0:03:15] White is more active.} ({White should play} 26. Qxe5 $14 Rxe5 27. Rc7) 26... Qh5 (26... Re7 $11) 27. Qd4 $14 Qe5 28. Qd2 Qh5 29. Qd4 {[%emt 0:00:42] Weighted Error Value: White=0.20 (precise) /Black=0.21 (precise) .  Mistake:       	White=3     	Black=4      Inaccurate:     	White=1     	Black=1      OK:         	White=8     	Black=6      Best:        	---       	Black=1} 1/2-1/2